 Dungeon Crawl Stone Soup version 0.21-a0-200-gb89f83b (webtiles) character file.

14 Lavandula the Chiller (level 2, 0/20 HPs)
             Began as a Ghoul Ice Elementalist on Aug 16, 2017.
             Slain by an orc
             ... wielding a +0 flail
              (9 damage)
             ... on level 3 of the Dungeon.
             The game lasted 00:03:36 (528 turns).

Lavandula the Chiller (Ghoul Ice Elementalist)       Turns: 528, Time: 00:03:37

Health: 0/20       AC:  2    Str: 11    XL:     2   Next: 45%
Magic:  3/3        EV: 12    Int: 10    God:
Gold:   94         SH:  0    Dex:  9    Spells: 3/4 levels left

rFire    . . .     SeeInvis .     - Unarmed
rCold    + . .     Gourm    .   (no shield)
rNeg     + + +     Faith    .   a - +0 robe
rPois    ∞         Spirit   .   (no helmet)
rElec    .         Reflect  .   (no cloak)
rCorr    .         Harm     .   (no gloves)
MR       .....                  (no boots)
Stlth    ++........             (no amulet)
HPRegen  0.00/turn              (no ring)
MPRegen  0.08/turn              (no ring)

@: rotting
A: rotting body, claws 1, carnivore 3, cold resistance 1, negative energy
resistance 3, inhibited regeneration, torment resistance, unbreathing
a: no special abilities


You were on level 3 of the Dungeon.
You were not hungry.

You visited 1 branch of the dungeon, and saw 3 of its levels.

You collected 94 gold pieces.

Inventory:

Hand Weapons
 n - a +0 blowgun
Missiles
 m - 3 poisoned needles
Armour
 a - a +0 robe (worn)
Jewellery
 e - an uncursed ring of flight {unknown}
Scrolls
 f - a scroll of immolation {unknown}
 g - a scroll of recharging {unknown}
 h - a scroll of remove curse {unknown}
Potions
 d - a potion of curing {unknown}
 j - a potion of agility {unknown}
 l - a potion of resistance {unknown}
Books
 b - a book of Frost

   Spells                             Type                      Level
   a - Freeze                         Ice                          1
   b - Throw Frost                    Conjuration/Ice              2
   c - Ozocubu's Armour               Charms/Ice                   3
   d - Throw Icicle                   Conjuration/Ice              4
   e - Summon Ice Beast               Ice/Summoning                4
Comestibles
 c - a meat ration
 i - a royal jelly


   Skills:
 - Level 1.7 Dodging
 - Level 2.1 Stealth
 + Level 2.2 Unarmed Combat
 - Level 1.7 Spellcasting
   Level 0.7 Conjurations
 - Level 3.2 Ice Magic


You had 3 spell levels left.
You knew the following spells:

 Your Spells              Type           Power        Failure   Level  Hunger
a - Freeze                Ice            #...         9%          1    ##.....


Dungeon Overview and Level Annotations

Branches:
Dungeon (3/15)

Altars:
Dithmenos
Elyvilon
Kikubaaqudgha
Makhleb
Qazlal

Annotations:
D:2 exclusion: adder


Innate Abilities, Weirdness & Mutations

Your body is rotting away.
You thrive on raw meat.
You are immune to poison.
You have sharp fingernails.
You are carnivorous and can eat meat at any time.
Your flesh is cold resistant. (rC+)
You are immune to negative energy. (rN+++)
You do not regenerate when monsters are visible.
You are immune to unholy pain and torment.
You can survive without breathing.


Message History

Eat one of 3 chunks of flesh? (ye/n/q)
Okay, then.
An orc comes into view. It is wielding a flail.
An orc is nearby!
The helpless orc fails to defend itself.
You scratch the orc.
The orc is severely wounded.
The orc hits you with a flail!
Ouch! That really hurt!
* * * LOW HITPOINT WARNING * * *
Eat one of 3 chunks of flesh? (ye/n/q)
You eat one of the 3 chunks of flesh.
This raw flesh tastes great!
The orc hits you with a flail.
* * * LOW HITPOINT WARNING * * *
Eat one of 2 chunks of flesh? (ye/n/q)
You eat one of the 2 chunks of flesh.
This raw flesh tastes great!
Eat a chunk of flesh? (ye/n/q)
You eat the chunk of flesh.
This raw flesh tastes great!
The orc hits you with a flail!
You die...

...##.##...###..##.....
8.8.#.#.8.8.#.........
._[.#.#.._..##..##...#
8...#.#...8.##..##...###.
...'#.#'...###...........
####...#####.#..##...####.
.....⌠....................
####...#####....##...####
...'#.#'...###..@o...#
8...#.#)..8.#..........#
._..#.#.._..##.###...###
8.8.#.#.8(8.##.# #...#
...##.##...##... ...##
####...######### ####
(.##..## #.# ####.## #.#
####.######.#


You could see an orc.

Vanquished Creatures
  2 goblins
  3 hobgoblins
  2 jackals
  2 kobolds
  A quokka (D:2)
  A frilled lizard (D:2)
  A rat (D:1)
12 creatures vanquished.

Notes
Turn   | Place    | Note
-------+----------+-------------------------------------------
     0 | D:1      | Lavandula the Ghoul Ice Elementalist began the quest for the Orb.
     0 | D:1      | Reached XP level 1. HP: 14/14 MP: 2/2
   126 | D:1      | Reached skill level 1 in Unarmed Combat
   228 | D:2      | Reached XP level 2. HP: 10/19 MP: 0/3
   264 | D:2      | Found a burning altar of Makhleb.
   355 | D:3      | Found an ancient bone altar of Kikubaaqudgha.
   358 | D:3      | Found a stormy altar of Qazlal.
   361 | D:3      | Found a shadowy altar of Dithmenos.
   369 | D:3      | Found a white marble altar of Elyvilon.
   528 | D:3      | Slain by an orc

Vault maps used:
D:1:      lemuel_arrival_river_bridge, minmay_misc_feat_square,
          minmay_misc_feat_more_columns
D:2:      lemuel_doored_altar, first_bread
D:3:      grunt_temple_overflow_cloverleaf, st_stairs_7, uniq_sigmund

Skill      XL: |  1  2 |
---------------+-------+-----
Unarmed Combat | 1 2 |  2.2
Dodging        | |  1.7
Stealth        | |  2.1
Spellcasting   | |  1.7
Conjurations   | |  0.7
Ice Magic      | |  3.2

Action                   || total
-------------------------++-------
Melee: Unarmed           ||    39
 Fire: Blowgun           ||     6
 Cast: Freeze            ||    12
 Stab: Sleeping          ||     1
  Eat: Chunk             ||     8
Armor: Robe              ||     5
Dodge: Dodged            ||    31
